Selects Panzerjäger Kommand Battlegroup
Selects Blockade Equipment
Construct Light Support Kompanie
Panzerjäger Mechanized Group
Selects Defensive Positions
Pak 38 Anti-tank Gun Team
Pak 38 Anti-tank Gun Team
Pak 38 Anti-tank Gun Team
Pak 38 Anti-tank Gun Team
Selects Butterfly Bomb Drop
Construct Panzerarmee Kommand
Selects Crew Shock Tactics
Selects Anti-tank Overwatch
Walking Stuka Rocket Launcher
Walking Stuka Rocket Launcher